 Dungeon Crawl Stone Soup version 0.26-a0-610-g3e9335b (webtiles) character file.

Game seed: 14855053158947170559

6227 delibriand the Carver (level 10, -10/90 HPs)
             Began as a Minotaur Berserker on Sept 3, 2020.
             Was a High Priest of Trog.
             Mangled by a death yak (16 damage)
             ... on level 9 of the Dungeon.
             The game lasted 01:05:05 (10494 turns).

delibriand the Carver (Minotaur Berserker)         Turns: 10494, Time: 01:05:05

Health: -10/90     AC: 14    Str: 24    XL:     10   Next: 61%
Magic:  0/9        EV: 10    Int:  4    God:    Trog [*****.]
Gold:   564        SH:  0    Dex: 11    Spells: 9/9 levels left

rFire    . . .     SeeInvis .   K - +3 great sword (vorpal)
rCold    . . .     Faith    .   (shield currently unavailable)
rNeg     . . .     Spirit   +   j - +0 plate armour
rPois    .         Reflect  .   (helmet restricted)
rElec    .         Harm     .   (no cloak)
rCorr    .                      m - +0 pair of gloves
MR       .....                  (no boots)
Stlth    ..........             A - amulet of guardian spirit
HPRegen  0.25/turn              (no ring)
MPRegen  0.11/turn              (no ring)

@: no status effects
A: retaliatory headbutt, horns 2
a: Berserk, Trog's Hand, Brothers in Arms, Renounce Religion


You were on level 9 of the Dungeon.
You worshipped Trog.
Trog was extremely pleased with you.
You visited 2 branches of the dungeon, and saw 11 of its levels.

You collected 641 gold pieces.
You spent 77 gold pieces at shops.

Inventory:

Hand Weapons
 a - a +1 hand axe
 f - a +2 short sword of holy wrath
 g - a cursed -3 spear
 p - a +0 whip
 v - a +2 dagger of holy wrath
 C - a +1 hand axe of freezing
 K - a +3 vorpal great sword (weapon)
 L - a +0 whip of electrocution
 N - a cursed -1 whip
 R - a +0 shortbow
Missiles
 d - 210 stones (quivered)
 i - 93 sling bullets
 l - 4 javelins
 S - 94 arrows
 V - 7 poisoned darts
Armour
 c - a +1 scale mail
 e - a +0 pair of gloves
 j - a +0 plate armour (worn)
 m - a +0 pair of gloves (worn)
 w - the cursed +1 chain mail of Responsibility {rC+ Int+2, unknown}
   (You found it on level 10 of the Dungeon)

   It affects your intelligence (+2).
   It protects you from cold.
   It has a curse placed upon it.
 M - a +0 scale mail
Magical Staves
 B - an uncursed staff of poison {unknown}
Jewellery
 A - an amulet of guardian spirit (around neck)
 O - an uncursed ring of flight {unknown}
 W - an uncursed amulet of magic regeneration {unknown}
 Z - an uncursed amulet of magic regeneration {unknown}
Wands
 o - a wand of paralysis (7)
 r - a wand of random effects (14)
 y - a wand of flame (9)
 J - a wand of enslavement (9)
Scrolls
 h - 3 scrolls of identify
 k - 2 scrolls of remove curse
 s - 5 scrolls of magic mapping {unknown}
 x - 3 scrolls of teleportation
 F - a scroll of blinking {unknown}
 G - a scroll of enchant weapon
 H - a scroll of fog
 I - a scroll of fear {unknown}
 P - a scroll of immolation {unknown}
 Q - a scroll of enchant armour
Potions
 b - a potion of cancellation {unknown}
 n - 4 potions of flight {unknown}
 q - a potion of stabbing {unknown}
 t - 3 potions of brilliance
 u - 2 potions of berserk rage
 z - a potion of mutation {unknown}
 D - a potion of curing
 T - a potion of might
 U - a potion of invisibility {unknown}
 X - a potion of haste {unknown}


   Skills:
 + Level 8.7 Fighting
 * Level 12.5 Long Blades
 - Level 7.8 Axes
 - Level 6.8 Armour
 * Level 6.9 Dodging
 - Level 1.1 Stealth


You had 9 spell levels left.
You didn't know any spells.
Your spell library contained the following spells:

 Spells                   Type           Power        Failure   Level
 Corona                   Hex            #......      100%        1
 Ensorcelled Hibernation  Hex/Ice        #.....       100%        2
 Confusing Touch          Hex            #.......     100%        3
 Dazzling Flash           Conj/Hex       #.....       100%        3
 Tukima's Dance           Hex            #.......     100%        3


Dungeon Overview and Level Annotations

Branches:
Dungeon (10/15)            Temple (1/1) D:7
   Lair: D:8-11         Orc: D:9-12

Altars:
Ashenzari
Cheibriados
Dithmenos
Elyvilon
Fedhas
Gozag
Hepliaklqana
Kikubaaqudgha
Makhleb
Nemelex Xobeh
Okawaru
Qazlal
Ru
Sif Muna
Trog
Uskayaw
Vehumet
Wu Jian
Xom
Yredelemnul
Zin
The Shining One

Shops:
D:6 !*(   D:8 *}


Innate Abilities, Weirdness & Mutations

You reflexively headbutt those who attack you in melee.
You have a pair of horns on your head.


Message History

The death yak gores you.
* * * LOW HITPOINT WARNING * * *
You feel better. The death yak gores you!
* * * LOW HITPOINT WARNING * * *
The death yak gores you!
* * * LOW HITPOINT WARNING * * *
You feel better. The death yak gores you!
* * * LOW HITPOINT WARNING * * *
The death yak gores you but does no damage.
You slice the death yak!!
The death yak is heavily wounded.
The death yak barely misses you. You furiously retaliate!
You headbutt the death yak!
You riposte.
You slice the death yak!!
The death yak is almost dead.
The death yak gores you.
* * * LOW HITPOINT WARNING * * *
You slash the death yak!
The death yak is almost dead.
The death yak gores you!
You die...

##..............
##...............
##................
##.................
##..................
#...................
#...................
#...§...............
#§§@.§...........≈..
#§YY§#P#P.......≈≈≈.
#§§§##..##..<....≈..
#§§§#_...#..........
#§§§#....#..........
#..§#_.⌠P...........
#...#....#.........[
#...#_P..#..........
#....#P.##..........


You could see 2 death yaks.

Vanquished Creatures
  A two-headed ogre (D:9)
  Pikel (D:8)
  A troll (D:9)
  A hippogriff (D:8)
  2 water moccasins
  A porcupine (D:10)
  4 ice beasts
  A black bear (D:7)
  5 orc warriors
  A necrophage (D:10)
  3 phantoms
  4 ogres
  4 centaurs
  6 bullfrogs
  6 scorpions
  7 howler monkeys
  An electric eel (D:9)
  A bullfrog zombie (D:7)
  7 hounds
  A jelly (D:5)
  10 orc priests
  12 orc wizards
  2 bullfrog skeletons
  9 worker ants
  A worker ant zombie (D:10)
  A howler monkey skeleton (D:6)
  A gnoll (D:2)
  12 adders
  A shadow imp (D:8)
  A white imp (D:10)
  3 ufetubi
  An ooze (D:5)
  2 adder zombies
  An adder skeleton (D:6)
  2 worms
  A dart slug (D:2)
  5 leopard geckos
  28 orcs
  3 ball pythons
  6 bats
  5 giant cockroaches
  8 hobgoblins
  2 jackals (D:7)
  4 kobolds
  3 quokkas
  9 frilled lizards
  3 goblins
  2 jackal skeletons
  A leopard gecko skeleton (D:8)
  10 rats
207 creatures vanquished.

Vanquished Creatures (others)
  4 plants (D:1)
4 creatures vanquished.

Grand Total: 211 creatures vanquished

Notes
Turn   | Place    | Note
-------+----------+-------------------------------------------
     0 | D:1      | delibriand the Minotaur Berserker began the quest for the
                  | Orb.
     0 | D:1      | Reached XP level 1. HP: 19/19 MP: 0/0
   369 | D:1      | Reached XP level 2. HP: 24/27 MP: 1/1
   505 | D:1      | Reached ** piety under Trog
  1334 | D:2      | Reached XP level 3. HP: 31/33 MP: 2/2
  1696 | D:2      | Reached XP level 4. HP: 27/40 MP: 3/3
  2780 | D:3      | Reached skill level 5 in Axes
  2816 | D:3      | Noticed an ice beast
  2830 | D:3      | Killed an ice beast
  2830 | D:3      | Reached XP level 5. HP: 17/47 MP: 4/4
  3347 | D:3      | Reached *** piety under Trog
  3768 | D:4      | Noticed an ogre
  3774 | D:4      | Killed an ogre
  3774 | D:4      | Reached skill level 5 in Armour
  3774 | D:4      | Reached XP level 6. HP: 53/53 MP: 5/5
  3944 | D:4      | Reached skill level 5 in Fighting
  4002 | D:4      | Reached XP level 7. HP: 53/61 MP: 6/6
  4014 | D:4      | Reached skill level 1 in Stealth
  4634 | D:5      | Entered Level 5 of the Dungeon
  4658 | D:5      | Found a hazy altar of Hepliaklqana.
  5119 | D:5      | Reached XP level 8. HP: 50/70 MP: 7/7
  5269 | D:5      | Reached skill level 1 in Long Blades
  5270 | D:5      | Reached **** piety under Trog
  5394 | D:5      | Reached skill level 2 in Long Blades
  5685 | D:5      | Reached skill level 3 in Long Blades
  6032 | D:6      | Found Jaukh's General Store.
  6051 | D:6      | Found Wograr's Distillery.
  6055 | D:6      | Bought a potion of curing for 33 gold pieces
  6055 | D:6      | Bought a potion of might for 44 gold pieces
  6142 | D:6      | Found Heixaleph's Weapon Boutique.
  6256 | D:6      | Reached skill level 4 in Long Blades
  6423 | D:6      | Reached skill level 5 in Dodging
  6938 | D:7      | Found a glowing silver altar of Zin.
  6963 | D:7      | Reached skill level 5 in Long Blades
  7144 | D:7      | Reached XP level 9. HP: 79/79 MP: 8/8
  7367 | D:7      | Reached skill level 6 in Long Blades
  7398 | D:7      | Found a staircase to the Ecumenical Temple.
  7427 | Temple   | Entered the Ecumenical Temple
  7617 | D:7      | Found a glowing silver altar of Zin.
  7617 | D:7      | Found an opulent altar of Gozag.
  7887 | D:7      | Reached skill level 7 in Long Blades
  8093 | D:8      | Found an ancient bone altar of Kikubaaqudgha.
  8337 | D:8      | Found Ruvethren's Assorted Antiques.
  8421 | D:8      | Reached skill level 8 in Long Blades
  8664 | D:8      | Reached skill level 9 in Long Blades
  8797 | D:8      | Found Kuiseo's Gadget Shoppe.
  8881 | D:8      | Reached skill level 10 in Long Blades
  8931 | D:8      | Found a glowing golden altar of the Shining One.
  8931 | D:8      | Noticed Pikel
  8941 | D:8      | Killed Pikel
  8941 | D:8      | Reached XP level 10. HP: 85/88 MP: 9/9
  8945 | D:8      | Found a white marble altar of Elyvilon.
  9233 | D:9      | Found a snail-covered altar of Cheibriados.
  9249 | D:9      | Noticed a two-headed ogre
  9258 | D:9      | Reached ***** piety under Trog
  9268 | D:9      | Killed a two-headed ogre
  9268 | D:9      | Reached skill level 11 in Long Blades
  9713 | D:9      | Reached skill level 12 in Long Blades
 10059 | D:9      | Found a shadowy altar of Dithmenos.
 10059 | D:9      | Found a blossoming altar of Fedhas.
 10263 | D:10     | Entered Level 10 of the Dungeon
 10427 | D:10     | Got a dazzling chain mail
 10437 | D:10     | Noticed a death yak
 10452 | D:10     | Noticed a death yak
 10454 | D:10     | Noticed a death yak
 10494 | D:9      | Mangled by a death yak

Illustrated notes

Levels and vault maps discovered:
D:1:      onia_arrival_mini_maze, layout_basic, st_stairs_14, minmay_lizard_king
D:2:      layout_loops_cross, minmay_ruptured
D:3:      layout_basic
D:4:      layout_basic
D:5:      layout_rooms, kennysheep_mini, serial_corexii_hall,
          chequers_hall_statues_wall_a, corexii_hall_statues_x,
          corexii_hall_statues_x, corexii_hall_statues_s, minmay_misc_feat_iff,
          minmay_checkerbox
D:6:      layout_basic, serial_shops, shop, nicolae_shop_trees, shop
D:7:      layout_loops_ring, grunt_temple_overflow_gold_and_silver,
          minmay_temple_entry_glassed_door, basic_altar, minivault_4,
          skrybe_limestone_x, chequers_serial_rivers_marsh
D:8:      layout_basic, kiku_gazebo_pond_becter,
          gammafunk_temple_overflow_statue, serial_shops, shop, shop,
          kb_rosetta, uniq_pikel
D:9:      layout_big_octagon, gammafunk_temple_overflow_forgotten
D:10:     layout_gridville, dpeg_lair_monsters, uniq_snorg
Temple:   nicolae_temple_god_jail

Skill      XL: |  1  2  3  4  5  6  7  8  9 10 |
---------------+-------------------------------+-----
Fighting       | 4 5 7 8 |  8.7
Axes           | 4 5 6 7 |  7.8
Armour         | 3 4 5 6 |  6.8
Dodging        | 3 5 6 |  6.9
Stealth        | 1 |  1.1
Long Blades    | 5 10 12 | 12.5

Action                   |  1- 3 |  4- 6 |  7- 9 | 10-12 || total
-------------------------+-------+-------+-------+-------++-------
Melee: Hand axe          |    76 |    93 |   141 |       ||   310
       Headbutt          |     8 |    13 |    47 |    12 ||    80
       Great sword       |       |       |   135 |    86 ||   221
  Use: Potion            |     1 |     1 |       |     4 ||     6
       Scroll            |     3 |     6 |     4 |     4 ||    17
Armor: Scale mail        |    36 |    34 |   128 |     7 ||   205
       Plate armour      |       |       |       |    50 ||    50
Dodge: Dodged            |    37 |    53 |   150 |    63 ||   303
       Rpst.: Great sword |       |       |    23 |    20 ||    43

Table legend: (Time is in decaauts)
 A = Elapsed time spent in this place.
 B = Non-inter-level travel time spent in this place.
 C = Inter-level travel time spent in this place.
 D = Time resting spent in this place.
 E = Time spent auto-exploring this place.
 F = Levels seen in this place.
 G = Mean time per level.
                   A        B        C        D        E       F      G
               +--------+--------+--------+--------+--------+-----+--------+
         Total |  10559 |   9363 |   1196 |   2470 |   2194 |  11 |  959.9 |
       Dungeon |  10463 |   9267 |   1196 |   2470 |   2194 |  10 | 1046.3 |
        Temple |     95 |     95 |      0 |      0 |      0 |   1 |   95.0 |
               +--------+--------+--------+--------+--------+-----+--------+

Top non-repeatable levels by time:
     D:3: 1467 daAuts
     D:5: 1389 daAuts
     D:8: 1178 daAuts
     D:1: 1171 daAuts
     D:2: 1115 daAuts
     D:7: 1099 daAuts
     D:9: 1055 daAuts
     D:4: 887 daAuts
     D:6: 881 daAuts
    D:10: 217 daAuts
  Temple: 95 daAuts
